 Dungeon Crawl Stone Soup version 0.29-a0-887-gcbe080d7e0 (webtiles) character file.

Game seed: 12517243238918167095

85 croobank the Sneak (level 4, -3/28 HPs)
             Began as an Octopode Fire Elementalist on July 21, 2022.
             Killed by nerve-wracking pain
             ... invoked by an orc priest
              (8 damage)
             ... on level 3 of the Dungeon.
             The game lasted 00:04:13 (2157 turns).

croobank the Sneak (Octopode Fire Elementalist)     Turns: 2157, Time: 00:04:13

Health: -3/28      AC:  1    Str:  7    XL:     4   Next: 48%
Magic:  0/7        EV: 13    Int: 19    God:
Gold:   37         SH:  0    Dex: 12    Spells: 5/8 levels left

rFire   + . .      SeeInvis .   o - +0 whip (pain)
rCold   . . .      Faith    .   (no shield)
rNeg    . . .      Spirit   .   (helmet restricted)
rPois   .          Reflect  .   (no amulet)
rElec   .          Harm     .   f - ring of protection from fire
rCorr   .          Rampage  .   h - ring of flight
Will    .....                   (no ring)
Stlth   +++.......              (no ring)
HPRegen 0.09/turn               (no ring)
MPRegen 0.10/turn               (no ring)
                                (no ring)
                                (no ring)

@: flying
A: almost no armour, amphibious, 8 rings, camouflage 1, gelatinous body 1,
(nimble swimmer 1), tentacles
a: no special abilities


You were on level 3 of the Dungeon.
You visited 1 branch of the dungeon, and saw 3 of its levels.

You collected 37 gold pieces.

Inventory:

Hand Weapons
 d - a +0 dagger of flaming
 o - a +0 whip of pain (weapon)
Missiles
 e - 24 stones
Jewellery
 f - a ring of protection from fire (left tentacle)
 h - a ring of flight (right tentacle)
 p - a ring of poison resistance
 q - a +6 ring of intelligence
Scrolls
 c - a scroll of torment {unknown}
 i - a scroll of fear {unknown}
 m - a scroll of enchant armour {unknown}
 n - a scroll of immolation {unknown}
Potions
 a - a potion of magic
 g - 2 potions of heal wounds {unknown}
 j - a potion of flight {unknown}
 k - 2 potions of lignification {unknown}
 l - a potion of curing {unknown}


   Skills:
 + Level 1.0 Fighting
 + Level 2.6 Dodging
 + Level 3.6 Stealth
 + Level 2.5 Spellcasting
 + Level 1.8 Conjurations
 + Level 3.4 Fire Magic


You had 5 spell levels left.
You knew the following spells:

 Your Spells              Type           Power      Damage    Failure   Level
a - Foxfire               Conj/Fire      48%        2x1d6     5%          1
b - Scorch                Fire           30%        2d6       6%          2

Your spell library contained the following spells:

 Spells                   Type           Power      Damage    Failure   Level
 Conjure Flame            Conj/Fire      12%        6-21      16%         3
 Inner Flame              Hex/Fire       8%         N/A       24%         3
 Flame Wave               Conj/Fire      12%        2d6       47%         4


Dungeon Overview and Level Annotations

Branches:
Dungeon (3/15)

Altars:

Annotations:
D:3 2 runed translucent doors, zeratav's ghost, amateur OpVM


Innate Abilities, Weirdness & Mutations

You cannot wear most types of armour.
You are amphibious.
You can wear up to eight rings at the same time.
Your skin changes colour to match your surroundings (Stealth+).
Your rubbery body absorbs attacks. (AC +1, EV +1)
((You are camouflaged when in or above water. (Stealth+)))
You have tentacles for arms and can constrict up to eight enemies at once.


Message History

You conjure some foxfire!
The foxfire hits the orc priest.
The orc priest is moderately wounded.
The foxfire hits the orc priest.
The orc priest is moderately wounded.
The orc priest looks encouraged for a moment.
Casting: Foxfire (safe; 6% risk of failure)
Confirm with . or Enter, or press ? or * to list all spells.
You conjure some foxfire!
An orc wizard comes into view. It is wielding a +0 dagger.
The foxfire hits the orc priest.
The orc priest is severely wounded.
The foxfire hits the orc priest.
The orc priest is almost dead.
An orc comes into view. It is wielding a +0 whip.
The orc wizard mumbles some strange words.
The orc wizard flickers and vanishes!
Deactivating autopickup; reactivate with Ctrl-A.
You barely miss the orc priest. Your grab misses the orc priest.
Your squeeze misses the orc priest.
The orc priest is almost dead.
An orc comes into view. It is wielding a +0 club.
The orc priest begins to cast a cantrip, but forgets the words!
Casting: Foxfire (safe; 6% risk of failure)
Confirm with . or Enter, or press ? or * to list all spells.
Flames lash the orc priest.
You kill the orc priest!
The orc priest closely misses you. The orc closely misses you.
Your Fighting skill increases to level 1!
You have reached level 4!
You completely miss the orc. You grab the orc. You constrict the orc.
The orc priest hits you from afar with a +0 trident!
* * * LOW HITPOINT WARNING * * *
The orc misses you.
You hit the orc.
The orc is heavily wounded.
You constrict the orc.
The orc priest mumbles some strange prayers to Beogh against you.
Pain shoots through your body!
You die...

.... .. #..#.# ..
oo#.# .# #.#.# #.{.#
#...## #.##.o.. #
#.##.o)# # ≈#.#
#.##..@# # ≈W≈.#
##.##...#
#.#...≈.##.......#
#..⌠.#≈§###.##.#.#
##..≈§§..##.##.#.#####
####++####............
........###.####.#####
........# #.# #.#
..##..#####.####.#


You could see an orc priest and 3 orcs.

Vanquished Creatures
  An orc priest (D:3)
  2 adders (D:2)
  2 worms (D:2)
  A dart slug (D:2)
  An orc (D:3)
  4 ball pythons
  3 bats (D:1)
  2 endoplasms (D:2)
  A giant cockroach (D:1)
  2 goblins (D:1)
  A hobgoblin (D:1)
  3 quokkas (D:2)
  2 frilled lizards
  5 kobolds
  A rat (D:2)
31 creatures vanquished.

Vanquished Creatures (others)
  82 foxfires
82 creatures vanquished.

Grand Total: 113 creatures vanquished

Notes
Turn   | Place    | Note
-------+----------+-------------------------------------------
     0 | D:1      | croobank the Octopode Fire Elementalist began the quest for
                  | the Orb.
     0 | D:1      | Reached XP level 1. HP: 11/11 MP: 3/3
   451 | D:1      | Reached XP level 2. HP: 17/17 MP: 3/5
   945 | D:2      | Reached XP level 3. HP: 12/22 MP: 3/6
  1374 | D:2      | Learned a level 2 spell: Scorch
  2072 | D:3      | Found a large runed translucent door.
  2072 | D:3      | Found a large runed translucent door.
  2073 | D:3      | Noticed zeratav's ghost (amateur OpVM)
  2156 | D:3      | Reached skill level 1 in Fighting
  2156 | D:3      | Reached XP level 4. HP: 12/28 MP: 0/7
  2157 | D:3      | Killed from afar by an orc priest

Illustrated notes

Levels and vault maps discovered:
D:1:      nzn_arrival_depleted_hourglass, layout_basic, hex_tiny
D:2:      layout_loops_cross
D:3:      layout_basic, minmay_overflow_temple_star_hex,
          ebering_ghost_disaster_area, ebering_ecumenical_altar_petrified,
          serial_park_tiny_pond, minmay_misc_feat_pillars

Skill      XL: |  1  2  3 |
---------------+----------+-----
Stealth        | 3 |  3.6
Fighting       | 1 |  1.0
Dodging        | |  2.6
Spellcasting   | |  2.5
Conjurations   | |  1.8
Fire Magic     | |  3.4

Action                   |  1- 3 |  4- 6 || total
-------------------------+-------+-------++-------
Melee: Unarmed           |     7 |       ||     7
       Tentacles         |     7 |       ||     7
       Constrict         |     6 |     1 ||     7
       Dagger            |    21 |       ||    21
       Whip              |     3 |     2 ||     5
 Cast: Foxfire           |    52 |       ||    52
       Scorch            |     1 |       ||     1
  Use: Scroll            |     1 |       ||     1
Armor: Skin              |     3 |       ||     3
Dodge: Dodged            |    25 |     1 ||    26

Table legend: (Time is in decaauts)
 A = Elapsed time spent in this place.
 B = Non-inter-level travel time spent in this place.
 C = Inter-level travel time spent in this place.
 D = Time resting spent in this place.
 E = Time spent auto-exploring this place.
 F = Levels seen in this place.
 G = Mean time per level.
                   A        B        C        D        E       F      G
               +--------+--------+--------+--------+--------+-----+--------+
         Total |   2154 |   2127 |     27 |    396 |   1473 |   3 |  718.0 |
       Dungeon |   2154 |   2127 |     27 |    396 |   1473 |   3 |  718.0 |
               +--------+--------+--------+--------+--------+-----+--------+

Top non-repeatable levels by time:
     D:2: 936 daAuts
     D:1: 862 daAuts
     D:3: 356 daAuts
